 Dungeon Crawl Stone Soup version 0.26.0-45-g9c1d065592 (webtiles) character file.

Game seed: 17668794877003967839

791 growler the Gusty (level 7, -1/36 HPs)
             Began as a Tengu Air Elementalist on Jan 28, 2021.
             Slain by an ice beast (12 damage)
             ... on level 5 of the Dungeon.
             The game lasted 00:16:58 (6664 turns).

growler the Gusty (Tengu Air Elementalist)          Turns: 6664, Time: 00:16:59

Health: -1/36      AC:  4    Str:  8    XL:     7   Next: 88%
Magic:  15/15      EV: 12    Int: 18    God:
Gold:   227        SH:  0    Dex: 14    Spells: 5/15 levels left

rFire    . . .     SeeInvis .   c - +0 dagger
rCold    . . .     Faith    .   (no shield)
rNeg     . . .     Spirit   .   a - +0 robe
rPois    .         Reflect  .   (helmet restricted)
rElec    .         Harm     .   l - +0 cloak
rCorr    .         Rampage  .   f - +0 pair of gloves
Will     .....                  (boots unavailable)
Stlth    ++........             (no amulet)
HPRegen  0.12/turn              (no ring)
MPRegen  0.14/turn              (no ring)

@: no status effects
A: beak, talons 3, able to fly
a: Fly


You were on level 5 of the Dungeon.
You visited 1 branch of the dungeon, and saw 5 of its levels.

You collected 227 gold pieces.

Inventory:

Hand Weapons
 c - a +0 dagger (weapon)
   (You took it off a goblin on level 1 of the Dungeon)
Armour
 a - a +0 robe (worn)
 f - a +0 pair of gloves (worn)
   (You found it on level 2 of the Dungeon)
 l - a +0 cloak (worn)
   (You took it off Crazy Yiuf on level 2 of the Dungeon)
 q - a +3 ring mail
   (You took it off an orc on level 3 of the Dungeon)
Jewellery
 g - an uncursed amulet of reflection {unknown}
   (You found it on level 2 of the Dungeon)
 p - an uncursed amulet of faith {unknown}
   (You found it on level 3 of the Dungeon)
 u - a cursed ring of attention {unknown}
   (You found it on level 4 of the Dungeon)
 y - an uncursed amulet of guardian spirit {unknown}
   (You found it on level 5 of the Dungeon)
Wands
 v - a wand of digging (4)
   (You took it off Ijyb on level 4 of the Dungeon)
Scrolls
 b - a scroll of enchant armour {unknown}
 d - 2 scrolls of fog {unknown}
 e - 4 scrolls of magic mapping {unknown}
 h - 2 scrolls of identify {unknown}
 k - 2 scrolls of remove curse {unknown}
 m - 2 scrolls of immolation {unknown}
 o - a scroll of amnesia {unknown}
 x - a scroll of blinking {unknown}
Potions
 i - a potion of mutation {unknown}
 j - a potion of haste {unknown}
 n - 3 potions of curing {unknown}
 r - a potion of might {unknown}
 s - 2 potions of magic {unknown}
 t - a potion of berserk rage {unknown}
 w - a potion of lignification {unknown}
 z - a potion of heal wounds {unknown}


   Skills:
 - Level 2.1 Dodging
 - Level 2.0 Stealth
 + Level 4.8 Spellcasting
 + Level 6.4 Conjurations
 + Level 7.6 Air Magic


You had 5 spell levels left.
You knew the following spells:

 Your Spells              Type           Power        Failure   Level
a - Shock                 Conj/Air       100%         1%          1
b - Airstrike             Air            15%          6%          4
d - Static Discharge      Conj/Air       29%          2%          3
s - Swiftness             Air            31%          1%          2

Your spell library contained the following spells:

 Spells                   Type           Power        Failure   Level
 Lightning Bolt           Conj/Air       14%          21%         5


Dungeon Overview and Level Annotations

Branches:
Dungeon (5/15)
 Temple: D:4-7

Altars:
Dithmenos
Elyvilon
Fedhas
Makhleb
Nemelex Xobeh
Okawaru
Qazlal
Ru
Uskayaw


Innate Abilities, Weirdness & Mutations

You have a beak for a mouth.
You have claws for feet.
You can fly continuously.


Message History

You can't see any susceptible monsters within range! (Use Z to cast anyway.) Unknown command.
The phantom blinks!
You barely miss the phantom. Your peck misses the phantom.
The phantom hits you.
The phantom blinks!
The phantom hits you!
The phantom blinks!
You hit the phantom but do no damage. Your kick misses the phantom.
The phantom hits you.
* * * LOW HITPOINT WARNING * * *
The zap hits the phantom.
The zap hits the phantom!
The phantom barely misses you.
The zap misses the phantom.
The zap hits the phantom.
The phantom barely misses you.
The zap hits the phantom. x2; The phantom misses you.
The zap hits the phantom.
The zap hits the phantom!
You destroy the phantom!
A centaur skeleton comes into view.
Aim: a centaur skeleton (wandering, hasn't noticed you, 0% to evade)
The zap hits the centaur skeleton.
Aim: a centaur skeleton (moderately damaged, 0% to evade)
The zap hits the centaur skeleton!
Aim: a centaur skeleton (heavily damaged, 0% to evade)
The zap hits the centaur skeleton!
Aim: a centaur skeleton (severely damaged, 0% to evade)
The zap hits the centaur skeleton.
You hit the centaur skeleton but do no damage.
The centaur skeleton hits you.
You hit the centaur skeleton but do no damage.
You claw the centaur skeleton.
You destroy the centaur skeleton!
No target in view!
Found a shiny scale mail.
Found a dented emerald amulet.
y - a dented emerald amulet An ice beast is nearby!
A howler monkey comes into view.
You see here 7 gold pieces.
The howler monkey howls!
You hit the ice beast. The ice beast hits you. The ice beast freezes you!
You closely miss the ice beast. The ice beast closely misses you.
You barely miss the ice beast. The ice beast hits you.
The ice beast freezes you!
* * * LOW HITPOINT WARNING * * *
You see here 7 gold pieces.
You hit the ice beast.
You peck the ice beast, but do no damage.
The ice beast hits you.
* * * LOW HITPOINT WARNING * * *
The ice beast freezes you!
You die...

..#..##...............##
#....##.................
........................
.#..#.#.................
.#.....##..[......###...
.....##.....#.##.........
....... .....#
#....#...## ..#.... ...#
#.......... .....
...####@.......# .....#
.......Y####..##
.#####.h.#.....##
#...<........
.###........#..#
......##.....##.##
.....#..#....(.....
..................
†..........##......


You could see an ice beast and a howler monkey.

Vanquished Creatures
  A sky beast (D:4)
  A phantom (D:5)
  A centaur (D:5)
  A water moccasin zombie (D:5)
  A scorpion (D:5)
  2 howler monkeys
  A centaur skeleton (D:5)
  Crazy Yiuf (D:2)
  Ijyb (D:4)
  An iguana (D:4)
  2 worker ants (D:4)
  A hound skeleton (D:4)
  5 adders
  A shadow imp (D:4)
  An ufetubus (D:5)
  2 oozes (D:3)
  2 adder zombies
  6 worms
  A dart slug (D:2)
  2 leopard geckos
  8 orcs
  2 ball pythons
  9 giant cockroaches
  6 hobgoblins
  9 jackals
  A quokka (D:2)
  8 bats
  11 frilled lizards
  7 goblins
  8 kobolds
  10 rats
113 creatures vanquished.

Vanquished Creatures (others)
  6 plants (D:4)
6 creatures vanquished.

Grand Total: 119 creatures vanquished

Notes
Turn   | Place    | Note
-------+----------+-------------------------------------------
     0 | D:1      | growler the Tengu Air Elementalist began the quest for the
                  | Orb.
     0 | D:1      | Reached XP level 1. HP: 10/10 MP: 4/4
   344 | D:1      | Reached XP level 2. HP: 15/15 MP: 3/6
   746 | D:1      | Reached XP level 3. HP: 4/19 MP: 1/7
  1684 | D:2      | Found a hide-covered altar of Uskayaw.
  1929 | D:2      | Found a blossoming altar of Fedhas.
  2081 | D:2      | You fall into a shaft and drop 2 floors!
  2134 | D:4      | Learned a level 2 spell: Swiftness
  2138 | D:4      | Learned a level 3 spell: Static Discharge
  2583 | D:2      | Found a runed translucent door.
  2584 | D:2      | Noticed Crazy Yiuf
  2762 | D:2      | Killed Crazy Yiuf
  2763 | D:2      | Reached skill level 5 in Air Magic
  2763 | D:2      | Reached XP level 4. HP: 15/24 MP: 0/9
  3303 | D:3      | Found a burning altar of Makhleb.
  3322 | D:3      | Found a shadowy altar of Dithmenos.
  3381 | D:3      | Found a white marble altar of Elyvilon.
  3382 | D:3      | Found a stormy altar of Qazlal.
  3382 | D:3      | Found an iron altar of Okawaru.
  3700 | D:3      | Gained mutation: You can fly continuously. [Tengu growth]
  3700 | D:3      | Reached XP level 5. HP: 25/28 MP: 1/10
  4613 | D:4      | Noticed a sky beast
  4620 | D:4      | Learned a level 4 spell: Airstrike
  4634 | D:4      | Killed a sky beast
  4635 | D:4      | Reached skill level 6 in Air Magic
  4635 | D:4      | Reached XP level 6. HP: 26/32 MP: 5/12
  4886 | D:4      | Noticed Ijyb
  4901 | D:4      | Killed Ijyb
  4902 | D:4      | Reached skill level 5 in Conjurations
  5592 | D:5      | Entered Level 5 of the Dungeon
  5637 | D:5      | Reached XP level 7. HP: 36/36 MP: 5/14
  5717 | D:5      | Found a sacrificial altar of Ru.
  5720 | D:5      | Reached skill level 7 in Air Magic
  5897 | D:5      | Found a sparkling altar of Nemelex Xobeh.
  6664 | D:5      | Slain by an ice beast

Illustrated notes

Levels and vault maps discovered:
D:1:      mrwooster_arrival_statue_2, layout_basic
D:2:      layout_basic, eat_drink_and_be_merry_uskayaw, lemuel_doored_altar,
          minmay_rat_gold_closets, uniq_crazy_yiuf_cottage
D:3:      layout_basic, grunt_temple_overflow_open, gup_sewer_entry_spiral
D:4:      layout_loops_ring, serial_rivers, chequers_serial_rivers_small_b,
          chequers_serial_rivers_marsh, chequers_serial_rivers_micro_b,
          chequers_serial_rivers_small_b, minmay_lizard_king, uniq_ijyb
D:5:      layout_cave_pools, nemelex_xobeh_ov_fountains_minmay,
          overflow_temple_1_default

Skill      XL: |  1  2  3  4  5  6  7 |
---------------+----------------------+-----
Conjurations   | 2 3 4 5 6 |  6.4
Air Magic      | 5 6 7 |  7.6
Spellcasting   | 3 4 |  4.8
Dodging        | |  2.1
Stealth        | |  2.0

Action                   |  1- 3 |  4- 6 |  7- 9 || total
-------------------------+-------+-------+-------++-------
Melee: Unarmed           |    12 |       |       ||    12
       Peck              |     5 |    12 |     2 ||    19
       Dagger            |    37 |   112 |    22 ||   171
       Kick              |    11 |    23 |     2 ||    36
 Cast: Shock             |    65 |    73 |    18 ||   156
       Static Discharge  |     2 |    13 |     5 ||    20
       Airstrike         |       |     5 |     4 ||     9
 Stab: Sleeping          |     1 |       |       ||     1
Armor: Robe              |    15 |    23 |     6 ||    44
Dodge: Dodged            |    52 |    61 |    21 ||   134
